 Dungeon Crawl Stone Soup version 0.26-a0-1222-g14533b3512 (webtiles) character file.

Game seed: 872821468534315923

8 knot the Chopper (level 2, 24/24 HPs)
             Began as a Demonspawn Berserker on Dec 31, 2020.
             Was a Follower of Trog.
             Quit the game on level 1 of the Dungeon.
             The game lasted 00:00:15 (160 turns).

knot the Chopper (Demonspawn Berserker)              Turns: 160, Time: 00:00:15

Health: 24/24      AC:  2    Str: 17    XL:     2   Next: 0%
Magic:  2/2        EV: 12    Int:  8    God:    Trog [*.....]
Gold:   17         SH:  0    Dex: 12    Spells: 1/1 levels left

rFire    . . .     SeeInvis .   a - +0 hand axe
rCold    . . .     Faith    .   (no shield)
rNeg     . . .     Spirit   .   b - +0 animal skin
rPois    .         Reflect  .   (no helmet)
rElec    .         Harm     .   (no cloak)
rCorr    .         Rampage  .   (no gloves)
Will     .....                  (no boots)
Stlth    +.........             (no amulet)
HPRegen  0.08/turn              (no ring)
MPRegen  0.08/turn              (no ring)

@: no status effects
A: demonic guardian 1
a: Renounce Religion, Berserk


You were on level 1 of the Dungeon.
You worshipped Trog.
Trog was aware of your devotion.
You visited 1 branch of the dungeon, and saw 1 of its levels.

You collected 17 gold pieces.

Inventory:

Hand Weapons
 a - a +0 hand axe (weapon)
Armour
 b - a +0 animal skin (worn)
Potions
 c - a potion of cancellation {unknown}


   Skills:
 - Level 3.0 Fighting
 + Level 3.2 Axes
 - Level 1.7 Armour
 - Level 1.7 Dodging


You had one spell level left.
You didn't know any spells.
Your spell library was empty.

Dungeon Overview and Level Annotations

Branches:
Dungeon (1/15)

Altars:


Innate Abilities, Weirdness & Mutations

A weak demonic guardian rushes to your aid.


Message History

You see here a scroll labelled PUP MEYTSUSEE.
A dart slug is nearby!
A dart slug is nearby!
Found a scroll labelled BAEMMODOZUSM.
Found a buckler.
You hit the dart slug.
The dart slug is heavily wounded.
The dart slug barely misses you.
You completely miss the dart slug.
The dart slug is heavily wounded.
You hit the dart slug.
The dart slug is almost dead.
The dart slug bites you but does no damage.
You hit the dart slug.
You kill the dart slug!
Trog accepts your kill.
You have reached level 2!
Your demonic ancestry asserts itself...
You feel the presence of a demonic guardian.
Are you sure you want to abandon this character and quit the game? (Confirm with "yes".)

#....!.# #.# .. #......#
#.# #. #......# #.# #..
#......######.##
####.##.......)......#
........##...........#
........##...........#
........##?...†......#
≈≈....†@.............###
[≈......##..###...†.....
≈≈.###..##..# #.........
. ##.##..# #...†.....
#.##..# #.........
#?##..# #.†.......
#+##..............
................
........########


There were no monsters in sight!

Vanquished Creatures
  2 dart slugs (D:1)
  A bat (D:1)
  A frilled lizard (D:1)
  2 rats (D:1)
6 creatures vanquished.

Notes
Turn   | Place    | Note
-------+----------+-------------------------------------------
     0 | D:1      | knot the Demonspawn Berserker began the quest for the Orb.
     0 | D:1      | Reached XP level 1. HP: 18/18 MP: 1/1
   160 | D:1      | Gained mutation: A weak demonic guardian rushes to your
                  | aid. [demonic ancestry]
   160 | D:1      | Reached XP level 2. HP: 24/24 MP: 2/2
   160 | D:1      | Quit the game

Illustrated notes

Levels and vault maps discovered:
D:1:      zaba_arrival_water, layout_basic, st_stairs_12,
          corexii_item_surrounded_by_moat, minmay_tromino_mix6

Skill      XL: |  1 |
---------------+----+-----
Axes           | 3 |  3.2
Fighting       | |  3.0
Armour         | |  1.7
Dodging        | |  1.7

Action                   || total
-------------------------++-------
Melee: Hand axe          ||    19
Armor: Animal skin       ||     4
Dodge: Dodged            ||    16

Table legend: (Time is in decaauts)
 A = Elapsed time spent in this place.
 B = Non-inter-level travel time spent in this place.
 C = Inter-level travel time spent in this place.
 D = Time resting spent in this place.
 E = Time spent auto-exploring this place.
 F = Levels seen in this place.
 G = Mean time per level.
                   A        B        C        D        E       F      G
               +--------+--------+--------+--------+--------+-----+--------+
         Total |    169 |    169 |      0 |      0 |    131 |   1 |  169.0 |
       Dungeon |    169 |    169 |      0 |      0 |    131 |   1 |  169.0 |
               +--------+--------+--------+--------+--------+-----+--------+

Top non-repeatable levels by time:
     D:1: 169 daAuts
